2563 views
Uploaded 2021-10-13 13:42:04
Game version 1.32.10
16:17 long 3on3 ladder game on (6)ThunderLake_LV
Saved by xzz
2563 views
Uploaded 2021-10-13 13:42:04
Game version 1.32.10
16:17 long 3on3 ladder game on (6)ThunderLake_LV


73 units @ 9.2k
/ 0.9k
65 buildings @ 10.2k
/ 4k


| Healing Salve | 3 | 300 |
| Lesser Clarity Potion | 3 | 210 |
| Scroll of Speed | 1 | 50 |
| total: | 7 | 560g |
| Peon | 10 | 750 | / | 0 |
| Grunt | 7 | 1400 | / | 0 |
| Troll Headhunter | 1 | 140 | / | 20 |
| Kodo Beast | 2 | 510 | / | 120 |
| Shaman | 3 | 390 | / | 60 |
| total: | 23 | 3190g | / | 200w |
| Watch Tower | 1 | 110 | / | 80 |
| Altar of Storms | 1 | 180 | / | 50 |
| Orc Burrow | 5 | 800 | / | 200 |
| Barracks | 1 | 180 | / | 50 |
| War Mill | 1 | 205 | / | 0 |
| Voodoo Lounge | 1 | 130 | / | 30 |
| Great Hall | 1 | 385 | / | 185 |
| Beastiary | 1 | 145 | / | 140 |
| Spirit Lodge | 1 | 150 | / | 150 |
| Stronghold | 1 | 315 | / | 190 |
| Fortress | 1 | 325 | / | 190 |
| total: | 13 | 2285g | / | 885w |
| 0:01 | Peon |
| 0:01 | Peon |
| 0:08 | Altar of Storms |
| 0:16 | Orc Burrow |
| 0:20 | Peon |
| 0:33 | Peon |
| 0:38 | Barracks |
| 0:42 | Peon |
| 1:03 | Peon |
| 1:17 | Peon |
| 1:23 | Orc Burrow |
| 1:40 | Grunt |
| 2:07 | War Mill |
| 2:14 | Feral Spirit |
| 2:19 | Voodoo Lounge |
| 2:33 | Grunt |
| 2:54 | Grunt |
| 3:31 | Grunt |
| 3:50 | Stronghold |
| 4:15 | Chain Lighting |
| 5:11 | Grunt |
| 5:24 | Troll Headhunter |
| 5:26 | Steel Melee Weapons |
| 5:29 | Grunt |
| 5:32 | Orc Burrow |
| 5:50 | Healing Salve |
| 5:50 | Lesser Clarity Potion |
| 5:51 | Scroll of Speed |
| 5:56 | Healing Salve |
| 6:04 | Grunt |
| 6:10 | Steel Armor |
| 6:20 | Thorium Armor |
| 6:25 | Beastiary |
| 8:27 | Fortress |
| 8:28 | Kodo Beast |
| 8:31 | Spirit Lodge |
| 8:34 | Orc Burrow |
| 8:37 | Thorium Melee Weapons |
| 8:37 | Arcanite Armor |
| 8:39 | Reinforced Defenses |
| 9:03 | Kodo Beast |
| 9:48 | Feral Spirit |
| 9:59 | Witch Doctor Adept Training |
| 10:00 | Shaman Adept Training |
| 10:35 | Healing Wave |
| 10:56 | Great Hall |
| 10:57 | Watch Tower |
| 11:03 | Peon |
| 11:03 | Peon |
| 11:14 | Orc Burrow |
| 11:46 | Peon |
| 12:46 | Healing Salve |
| 12:48 | Lesser Clarity Potion |
| 12:49 | Lesser Clarity Potion |
| 13:01 | Shaman |
| 13:02 | Shaman Master Training |
| 13:02 | Shaman |
| 13:02 | Shaman |
| Right click | 539 |
| Select | 266 |
| Select group | 227 |
| Build/train/purchase | 66 |
| Assign group | 47 |
| Use ability | 20 |
| Remove unit | 9 |
| Chat | 9 |
| Misc. action | 3 |
| Item give/drop | 1 |
| Minimap ping | 1 |

| Healing Salve | 3 | 300 |
| Lesser Clarity Potion | 4 | 280 |
| Potion of Healing | 1 | 150 |
| Scroll of Town Portal | 1 | 350 |
| total: | 9 | 1080g |
| Peon | 20 | 1500 | / | 0 |
| Demolisher | 4 | 880 | / | 200 |
| Troll Batrider | 4 | 640 | / | 160 |
| total: | 28 | 3020g | / | 360w |
| Watch Tower | 18 | 1980 | / | 1440 |
| Altar of Storms | 2 | 360 | / | 100 |
| Orc Burrow | 6 | 960 | / | 240 |
| War Mill | 1 | 205 | / | 0 |
| Voodoo Lounge | 2 | 260 | / | 60 |
| Great Hall | 1 | 385 | / | 185 |
| Barracks | 2 | 360 | / | 100 |
| Beastiary | 3 | 435 | / | 420 |
| Stronghold | 1 | 315 | / | 190 |
| Fortress | 1 | 325 | / | 190 |
| total: | 35 | 4945g | / | 2545w |
| 0:04 | Peon |
| 0:04 | Peon |
| 0:09 | Altar of Storms |
| 0:13 | Altar of Storms |
| 0:17 | Orc Burrow |
| 0:36 | Peon |
| 0:49 | War Mill |
| 1:09 | Peon |
| 1:24 | Voodoo Lounge |
| 1:27 | Voodoo Lounge |
| 1:41 | Peon |
| 2:00 | Peon |
| 2:19 | Watch Tower |
| 2:23 | Serpent Ward |
| 2:26 | Peon |
| 2:36 | Healing Salve |
| 2:58 | Watch Tower |
| 3:15 | Peon |
| 3:37 | Watch Tower |
| 3:51 | Watch Tower |
| 4:07 | Hex |
| 4:11 | Watch Tower |
| 4:19 | Peon |
| 4:28 | Lesser Clarity Potion |
| 4:39 | Peon |
| 5:46 | Stronghold |
| 6:22 | Great Hall |
| 6:24 | Watch Tower |
| 6:29 | Barracks |
| 6:49 | Orc Burrow |
| 6:53 | Watch Tower |
| 6:57 | Lesser Clarity Potion |
| 7:03 | Healing Salve |
| 7:03 | Lesser Clarity Potion |
| 7:49 | Watch Tower |
| 8:40 | Demolisher |
| 8:43 | Beastiary |
| 8:51 | Beastiary |
| 8:54 | Beastiary |
| 8:57 | Peon |
| 8:57 | Peon |
| 9:01 | Watch Tower |
| 9:04 | Orc Burrow |
| 9:05 | Healing Salve |
| 9:06 | Lesser Clarity Potion |
| 9:12 | Peon |
| 9:15 | Peon |
| 9:43 | Watch Tower |
| 9:50 | Peon |
| 9:51 | Peon |
| 9:53 | Demolisher |
| 9:59 | Reinforced Defenses |
| 10:15 | Troll Batrider |
| 10:18 | Peon |
| 10:22 | Peon |
| 10:51 | Troll Batrider |
| 10:55 | Orc Burrow |
| 11:00 | Watch Tower |
| 11:21 | Demolisher |
| 11:26 | Peon |
| 11:26 | Peon |
| 11:36 | Spiked Barricades |
| 12:57 | Watch Tower |
| 12:59 | Watch Tower |
| 13:00 | Watch Tower |
| 13:18 | Fortress |
| 13:20 | Troll Batrider |
| 13:57 | Orc Burrow |
| 14:01 | Watch Tower |
| 14:23 | Orc Burrow |
| 14:49 | Troll Batrider |
| 14:51 | Demolisher |
| 14:54 | Barracks |
| 14:59 | Watch Tower |
| 15:02 | Watch Tower |
| 15:12 | Watch Tower |
| 15:27 | Scroll of Town Portal |
| 15:27 | Potion of Healing |
| 16:01 | Serpent Ward |
| 16:04 | Hex |
| Right click | 648 |
| Select | 239 |
| Chat | 155 |
| Build/train/purchase | 59 |
| Use ability | 56 |
| Select group | 26 |
| Assign group | 9 |
| Misc. action | 4 |
| Esc | 2 |
| Item give/drop | 1 |
| Minimap ping | 1 |

| Rod of Necromancy | 1 | 150 |
| Sacrificial Skull | 1 | 50 |
| total: | 2 | 200g |
| Acolyte | 8 | 600 | / | 0 |
| Ghoul | 6 | 720 | / | 0 |
| Crypt Fiend | 8 | 1720 | / | 320 |
| total: | 22 | 3040g | / | 320w |
| Spirit Tower | 5 | 725 | / | 200 |
| Nerubian Tower | 2 | 200 | / | 40 |
| Ziggurat | 8 | 1200 | / | 400 |
| Graveyard | 1 | 215 | / | 0 |
| Crypt | 1 | 200 | / | 50 |
| Altar of Darkness | 1 | 180 | / | 50 |
| Tomb of Relics | 2 | 260 | / | 60 |
| Necropolis | 4 | 900 | / | 0 |
| Halls of the Dead | 2 | 640 | / | 420 |
| total: | 17 | 2955g | / | 560w |
| 0:04 | Acolyte |
| 0:04 | Acolyte |
| 0:07 | Ziggurat |
| 0:14 | Graveyard |
| 0:38 | Crypt |
| 0:57 | Altar of Darkness |
| 1:14 | Ziggurat |
| 1:35 | Spirit Tower |
| 1:44 | Ghoul |
| 2:04 | Tomb of Relics |
| 2:17 | Crypt Fiend |
| 2:17 | Crypt Fiend |
| 2:27 | Nerubian Tower |
| 2:49 | Crypt Fiend |
| 3:05 | Death Coil |
| 3:10 | Crypt Fiend |
| 3:10 | Crypt Fiend |
| 3:34 | Crypt Fiend |
| 4:13 | Rod of Necromancy |
| 4:28 | Ziggurat |
| 4:30 | Ghoul |
| 4:30 | Ghoul |
| 5:33 | Acolyte |
| 5:43 | Unholy Aura |
| 6:01 | Crypt Fiend |
| 6:01 | Crypt Fiend |
| 6:10 | Necropolis |
| 6:26 | Acolyte |
| 6:26 | Acolyte |
| 6:26 | Acolyte |
| 6:26 | Acolyte |
| 7:15 | Sacrificial Skull |
| 7:33 | Spirit Tower |
| 7:44 | Ziggurat |
| 7:47 | Ziggurat |
| 8:02 | Ghoul |
| 8:02 | Ghoul |
| 8:02 | Ghoul |
| 8:08 | Creature Attack |
| 8:08 | Creature Carapace |
| 8:21 | Ziggurat |
| 8:29 | Acolyte |
| 8:46 | Spirit Tower |
| 8:47 | Spirit Tower |
| 8:52 | Halls of the Dead |
| 9:14 | Unholy Aura |
| 9:27 | Tomb of Relics |
| 9:48 | Ziggurat |
| 10:01 | Nerubian Tower |
| 10:04 | Ziggurat |
| 10:25 | Death Coil |
| 10:42 | Spirit Tower |
| 13:22 | Necropolis |
| 15:12 | Necropolis |
| 15:56 | Necropolis |
| Right click | 1101 |
| Select group | 279 |
| Chat | 194 |
| Select | 104 |
| Build/train/purchase | 42 |
| Use ability | 24 |
| Assign group | 18 |
| Misc. action | 15 |
| Item give/drop | 1 |
| Remove unit | 1 |
| Esc | 1 |
102 units @ 12.9k
/ 1.6k
72 buildings @ 8.7k
/ 3.7k
VeryWorstHum
(2)
(16:17) : 

| Scroll of Regeneration | 3 | 300 |
| Lesser Clarity Potion | 2 | 140 |
| Potion of Healing | 1 | 150 |
| Scroll of Healing | 1 | 250 |
| Boots of Speed | 1 | 250 |
| Staff of Teleportation | 1 | 150 |
| Talisman of Evasion | 1 | 300 |
| total: | 10 | 1540g |
| Peasant | 11 | 825 | / | 0 |
| Footman | 7 | 945 | / | 0 |
| Siege Engine | 3 | 585 | / | 180 |
| Knight | 3 | 735 | / | 180 |
| Mortar Team | 1 | 180 | / | 70 |
| Dragonhawk Rider | 1 | 200 | / | 30 |
| Goblin Shredder | 1 | 375 | / | 100 |
| total: | 27 | 3845g | / | 560w |
| Scout Tower | 7 | 210 | / | 140 |
| Arcane Tower | 1 | 70 | / | 50 |
| Guard Tower | 2 | 140 | / | 100 |
| Altar of Kings | 1 | 180 | / | 50 |
| Farm | 11 | 880 | / | 220 |
| Barracks | 2 | 320 | / | 120 |
| Arcane Vault | 2 | 260 | / | 60 |
| Town Hall | 1 | 385 | / | 205 |
| Lumber Mill | 1 | 120 | / | 0 |
| Blacksmith | 2 | 280 | / | 120 |
| Workshop | 2 | 280 | / | 280 |
| Gryphon Aviary | 1 | 140 | / | 150 |
| Keep | 1 | 320 | / | 210 |
| Castle | 1 | 360 | / | 210 |
| total: | 30 | 3055g | / | 1345w |
| 0:01 | Peasant |
| 0:02 | Peasant |
| 0:09 | Altar of Kings |
| 0:13 | Farm |
| 0:18 | Barracks |
| 0:24 | Peasant |
| 0:40 | Peasant |
| 0:51 | Farm |
| 1:00 | Peasant |
| 1:06 | Peasant |
| 1:20 | Footman |
| 1:37 | Peasant |
| 1:43 | Footman |
| 1:51 | Farm |
| 2:04 | Defend |
| 2:13 | Thunder Clap |
| 2:14 | Peasant |
| 2:54 | Footman |
| 2:55 | Peasant |
| 2:57 | Storm Bolt |
| 3:24 | Arcane Vault |
| 3:25 | Footman |
| 3:37 | Peasant |
| 4:15 | Town Hall |
| 4:22 | Scout Tower |
| 4:35 | Storm Bolt |
| 4:44 | Farm |
| 5:00 | Boots of Speed |
| 5:01 | Staff of Teleportation |
| 5:24 | Scroll of Regeneration |
| 5:28 | Lesser Clarity Potion |
| 5:30 | Goblin Shredder |
| 5:34 | Footman |
| 5:38 | Arcane Tower |
| 5:44 | Lumber Mill |
| 5:53 | Footman |
| 6:43 | Keep |
| 6:44 | Footman |
| 6:58 | Scout Tower |
| 7:00 | Peasant |
| 7:03 | Scout Tower |
| 7:03 | Farm |
| 7:04 | Farm |
| 7:58 | Thunder Clap |
| 8:18 | Guard Tower |
| 8:22 | Lesser Clarity Potion |
| 8:30 | Blacksmith |
| 8:32 | Blacksmith |
| 8:35 | Improved Masonry |
| 8:38 | Scout Tower |
| 8:41 | Farm |
| 9:07 | Castle |
| 9:53 | Iron Plating |
| 9:53 | Black Gunpowder |
| 9:55 | Barracks |
| 9:59 | Workshop |
| 10:00 | Workshop |
| 10:05 | Scroll of Regeneration |
| 10:05 | Scroll of Regeneration |
| 10:05 | Potion of Healing |
| 10:15 | Scroll of Healing |
| 10:27 | Siphon Mana |
| 10:48 | Farm |
| 10:48 | Farm |
| 10:48 | Farm |
| 11:20 | Steel Plating |
| 11:20 | Refined Gunpowder |
| 11:31 | Siege Engine |
| 11:37 | Knight |
| 11:38 | Animal War Training |
| 11:44 | Guard Tower |
| 11:47 | Farm |
| 11:57 | Talisman of Evasion |
| 12:56 | Knight |
| 12:57 | Mortar Team |
| 12:59 | Siege Engine |
| 13:29 | Mithril Plating |
| 13:30 | Imbued Gunpowder |
| 13:59 | Flame Strike |
| 14:17 | Knight |
| 14:19 | Siege Engine |
| 14:32 | Gryphon Aviary |
| 15:01 | Scout Tower |
| 15:02 | Scout Tower |
| 15:04 | Scout Tower |
| 15:18 | Arcane Vault |
| 16:07 | Storm Bolt |
| 16:15 | Dragonhawk Rider |
| 16:15 | Cloud |
| Right click | 660 |
| Select group | 655 |
| Select | 330 |
| Build/train/purchase | 130 |
| Assign group | 52 |
| Use ability | 35 |
| Misc. action | 33 |
| Item give/drop | 7 |
| Minimap ping | 6 |
| Resource trade | 5 |
| Esc | 2 |



| Scroll of Regeneration | 2 | 200 |
| Lesser Clarity Potion | 1 | 70 |
| Potion of Healing | 1 | 150 |
| Staff of Sanctuary | 1 | 250 |
| Scroll of Town Portal | 1 | 350 |
| Gauntlets of Ogre Strength +3 | 1 | 100 |
| Mantle of Intelligence +3 | 1 | 100 |
| total: | 8 | 1220g |
| Peasant | 12 | 900 | / | 0 |
| Footman | 9 | 1215 | / | 0 |
| Rifleman | 3 | 615 | / | 90 |
| Priest | 2 | 270 | / | 20 |
| Goblin Shredder | 2 | 750 | / | 200 |
| Centaur Archer | 1 | 150 | / | 10 |
| total: | 29 | 3900g | / | 320w |
| Scout Tower | 6 | 180 | / | 120 |
| Arcane Tower | 3 | 210 | / | 150 |
| Guard Tower | 2 | 140 | / | 100 |
| Altar of Kings | 1 | 180 | / | 50 |
| Farm | 11 | 880 | / | 220 |
| Barracks | 1 | 160 | / | 60 |
| Arcane Vault | 1 | 130 | / | 30 |
| Lumber Mill | 2 | 240 | / | 0 |
| Blacksmith | 1 | 140 | / | 60 |
| Town Hall | 1 | 385 | / | 205 |
| Arcane Sanctum | 2 | 300 | / | 280 |
| Keep | 1 | 320 | / | 210 |
| Castle | 1 | 360 | / | 210 |
| total: | 26 | 2595g | / | 1025w |
| 0:02 | Peasant |
| 0:02 | Peasant |
| 0:07 | Altar of Kings |
| 0:20 | Farm |
| 0:22 | Barracks |
| 0:26 | Peasant |
| 0:45 | Peasant |
| 0:50 | Farm |
| 0:53 | Peasant |
| 1:13 | Peasant |
| 1:28 | Footman |
| 1:30 | Peasant |
| 1:37 | Farm |
| 1:38 | Farm |
| 1:51 | Footman |
| 1:59 | Peasant |
| 2:14 | Summon Water Elemental |
| 2:19 | Footman |
| 2:20 | Peasant |
| 3:03 | Brilliance Aura |
| 3:11 | Centaur Archer |
| 3:20 | Footman |
| 3:21 | Peasant |
| 3:26 | Scout Tower |
| 3:33 | Peasant |
| 3:48 | Footman |
| 3:49 | Defend |
| 3:51 | Arcane Vault |
| 4:33 | Footman |
| 4:50 | Keep |
| 5:01 | Footman |
| 5:10 | Arcane Tower |
| 5:26 | Scroll of Regeneration |
| 5:26 | Lesser Clarity Potion |
| 5:30 | Footman |
| 5:33 | Lumber Mill |
| 5:38 | Lumber Mill |
| 5:47 | Blacksmith |
| 5:50 | Scroll of Regeneration |
| 5:57 | Footman |
| 6:22 | Summon Water Elemental |
| 6:48 | Town Hall |
| 6:53 | Scout Tower |
| 6:53 | Scout Tower |
| 6:53 | Scout Tower |
| 7:45 | Guard Tower |
| 7:47 | Arcane Tower |
| 7:52 | Potion of Healing |
| 8:14 | Rifleman |
| 8:23 | Improved Lumber Harvesting |
| 8:25 | Arcane Sanctum |
| 8:48 | Castle |
| 8:52 | Arcane Sanctum |
| 9:07 | Rifleman |
| 9:10 | Storm Bolt |
| 9:39 | Gauntlets of Ogre Strength +3 |
| 9:57 | Mantle of Intelligence +3 |
| 10:04 | Rifleman |
| 10:04 | Long Rifles |
| 10:18 | Priest |
| 10:42 | Farm |
| 10:45 | Farm |
| 10:46 | Farm |
| 10:46 | Farm |
| 10:47 | Farm |
| 10:47 | Farm |
| 11:07 | Brilliance Aura |
| 11:11 | Goblin Shredder |
| 11:46 | Staff of Sanctuary |
| 11:46 | Scroll of Town Portal |
| 12:00 | Sorceress Adept Training |
| 12:00 | Priest Adept Training |
| 12:28 | Bash |
| 12:35 | Advanced Lumber Harvesting |
| 12:52 | Priest |
| 12:54 | Holy Light |
| 13:00 | Storm Bolt |
| 13:56 | Scout Tower |
| 13:56 | Scout Tower |
| 14:10 | Peasant |
| 14:12 | Farm |
| 14:30 | Sorceress Master Training |
| 14:31 | Priest Master Training |
| 14:54 | Goblin Shredder |
| 15:03 | Guard Tower |
| 15:37 | Arcane Tower |
| 16:07 | Black Gunpowder |
| 16:08 | Devotion Aura |
| Right click | 731 |
| Select group | 724 |
| Select | 346 |
| Build/train/purchase | 114 |
| Misc. action | 91 |
| Assign group | 51 |
| Use ability | 11 |
| Item give/drop | 5 |
| Minimap ping | 4 |
| Esc | 1 |


| Anti-magic Potion | 1 | 100 |
| Staff of Preservation | 1 | 150 |
| Lesser Clarity Potion | 1 | 70 |
| total: | 3 | 320g |
| Wisp | 24 | 1440 | / | 0 |
| Archer | 7 | 910 | / | 70 |
| Druid of the Talon | 2 | 290 | / | 40 |
| Dryad | 5 | 725 | / | 300 |
| Hippogryph | 4 | 640 | / | 80 |
| Faerie Dragon | 1 | 155 | / | 25 |
| Mountain Giant | 1 | 350 | / | 100 |
| Chimaera | 2 | 660 | / | 140 |
| total: | 46 | 5170g | / | 755w |
| Moon Well | 7 | 1260 | / | 280 |
| Altar of Elders | 1 | 180 | / | 50 |
| Ancient of War | 1 | 150 | / | 60 |
| Tree of Life | 2 | 680 | / | 370 |
| Ancient of Wonders | 1 | 90 | / | 30 |
| Hunter's Hall | 1 | 210 | / | 100 |
| Ancient of Wind | 1 | 150 | / | 140 |
| Ancient of Lore | 1 | 155 | / | 145 |
| Chimaera Roost | 1 | 140 | / | 190 |
| Tree of Ages | 1 | 320 | / | 180 |
| Tree of Eternity | 1 | 330 | / | 200 |
| total: | 16 | 3015g | / | 1365w |
| 0:04 | Wisp |
| 0:04 | Wisp |
| 0:15 | Moon Well |
| 0:21 | Altar of Elders |
| 0:26 | Wisp |
| 0:26 | Wisp |
| 0:56 | Moon Well |
| 1:01 | Wisp |
| 1:22 | Wisp |
| 1:22 | Wisp |
| 1:22 | Wisp |
| 1:33 | Ancient of War |
| 1:38 | Wisp |
| 1:51 | Wisp |
| 1:52 | Wisp |
| 2:10 | Wisp |
| 2:10 | Wisp |
| 2:40 | Archer |
| 2:46 | Tree of Ages |
| 2:49 | Scout |
| 3:16 | Archer |
| 3:35 | Moon Well |
| 4:18 | Tree of Life |
| 4:36 | Ancient of Wonders |
| 4:40 | Hunter's Hall |
| 4:44 | Archer |
| 4:44 | Archer |
| 5:31 | Moon Well |
| 5:40 | Ancient of Wind |
| 5:43 | Ancient of Lore |
| 5:46 | Improved Bows |
| 5:47 | Archer |
| 6:14 | Trueshot Aura |
| 6:33 | Nature's Blessing |
| 6:44 | Druid of the Talon |
| 7:12 | Wisp |
| 7:12 | Wisp |
| 7:15 | Abolish Magic |
| 7:16 | Dryad |
| 7:18 | Hippogryph |
| 8:09 | Trueshot Aura |
| 8:27 | Dryad |
| 8:29 | Tree of Eternity |
| 8:42 | Wisp |
| 8:42 | Wisp |
| 8:42 | Wisp |
| 8:42 | Wisp |
| 8:55 | Moon Well |
| 9:15 | Dryad |
| 9:17 | Faerie Dragon |
| 9:30 | Moon Well |
| 9:45 | Entangling Roots |
| 10:04 | Moon Well |
| 10:06 | Archer |
| 10:06 | Dryad |
| 10:08 | Hippogryph |
| 10:53 | Chimaera Roost |
| 10:58 | Wisp |
| 10:59 | Wisp |
| 10:59 | Wisp |
| 11:11 | Anti-magic Potion |
| 11:16 | Staff of Preservation |
| 11:32 | Wisp |
| 11:32 | Wisp |
| 11:41 | Mountain Giant |
| 12:00 | Druid of the Talon |
| 12:00 | Hippogryph |
| 12:02 | Hardened Skin |
| 12:11 | Lesser Clarity Potion |
| 12:34 | Chimaera |
| 12:36 | Strength of the Wild |
| 14:13 | Scout |
| 14:46 | Thorns Aura |
| 15:23 | Marksmanship |
| 15:24 | Resistant Skin |
| 15:26 | Druid of the Talon Adept Training |
| 15:27 | Corrosive Breath |
| 15:34 | Reinforced Hides |
| 15:44 | Tree of Life |
| 16:14 | Archer |
| 16:15 | Dryad |
| 16:16 | Hippogryph |
| 16:16 | Chimaera |
| Select group | 318 |
| Select | 231 |
| Right click | 215 |
| Misc. action | 149 |
| Build/train/purchase | 79 |
| Assign group | 20 |
| Use ability | 13 |
| Item give/drop | 3 |
| Remove unit | 2 |
⇛